 Dungeon Crawl Stone Soup version 0.28-a0-1506-g3893175d92 (webtiles) character file.

Game seed: 16665739843982309812

65 a3don the Grave Robber (level 4, -3/35 HPs)
             Began as a Ghoul Necromancer on Jan 13, 2022.
             Slain by Terence (10 damage)
             ... on level 3 of the Dungeon.
             The game lasted 00:06:26 (2586 turns).

a3don the Grave Robber (Ghoul Necromancer)          Turns: 2586, Time: 00:06:26

Health: -3/35      AC:  2    Str: 11    XL:     4   Next: 14%
Magic:  2/6        EV: 12    Int: 12    God:
Gold:   124        SH:  0    Dex:  9    Spells: 3/7 levels left

rFire   . . .      SeeInvis .   e - +0 dagger (elec)
rCold   + . .      Faith    .   (no shield)
rNeg    + + +      Spirit   .   a - +0 robe
rPois   ∞          Reflect  .   (no helmet)
rElec   .          Harm     .   (no cloak)
rCorr   .          Rampage  .   (no gloves)
Will    .....                   (no boots)
Stlth   ++........              (no amulet)
HPRegen 0.00/turn               (no ring)
MPRegen 0.10/turn               (no ring)

@: inhibited regen
A: claws 1, cold resistance 1, negative energy resistance 3, inhibited
regeneration, torment resistance 2
a: no special abilities


You were on level 3 of the Dungeon.
You visited 1 branch of the dungeon, and saw 3 of its levels.

You collected 124 gold pieces.

Inventory:

Hand Weapons
 e - a +0 dagger of electrocution (weapon)
Missiles
 c - 18 sling bullets
 i - 5 boomerangs
Armour
 a - a +0 robe (worn)
Scrolls
 b - a scroll of teleportation {unknown}
 d - a scroll of enchant weapon {unknown}
 f - a scroll of identify
 j - a scroll of enchant armour {unknown}
Potions
 h - 2 potions of curing


   Skills:
 + Level 1.2 Fighting
 + Level 2.1 Dodging
 + Level 2.8 Stealth
 + Level 1.1 Unarmed Combat
 + Level 2.1 Spellcasting
 + Level 4.3 Necromancy
 + Level 0.6 Air Magic


You had 3 spell levels left.
You knew the following spells:

 Your Spells              Type           Power      Damage    Failure   Level
a - Pain                  Necr           44%        1d6       4%          1
b - Animate Skeleton      Necr           22%        N/A       4%          1
c - Corpse Rot            Necr/Air       14%        N/A       14%         2

Your spell library contained the following spells:

 Spells                   Type           Power      Damage    Failure   Level
 Vampiric Draining        Necr           11%        2d6       14%         3
 Poisonous Vapours        Pois/Air       4%         N/A       34%         2
 Animate Dead             Necr           5%         N/A       41%         4
 Agony                    Necr           11%        N/A       77%         5


Dungeon Overview and Level Annotations

Branches:
Dungeon (3/15)

Altars:

Annotations:
D:3 Terence


Innate Abilities, Weirdness & Mutations

You thrive by killing the living.
You are immune to poison.
You have sharp fingernails.
Your flesh is cold resistant. (rC+)
You are immune to negative energy. (rN+++)
You do not regenerate when monsters are visible.
You are immune to unholy pain and torment.


Message History

You closely miss Terence.
Terence is almost dead.
The goblin hits you but does no damage.
Terence drinks a potion.
Terence is healed!
Casting: Animate Skeleton (safe; 4% risk of failure)
Confirm with . or Enter, or press ? or * to list all spells.
Aiming: Pain (safe; 4% risk of failure)
Press: ? - help, Shift-Dir - straight line, f - Terence
Aim: Terence, wielding a +0 trident and wearing a +4 ring mail (chance to affect: 73%) Terence struggles to resist.
The goblin hits you with a +0 club. Terence closely misses you.
Casting: Pain (safe; 4% risk of failure)
Confirm with . or Enter, or press ? or * to list all spells.
Aiming: Pain (safe; 4% risk of failure)
Press: ? - help, Shift-Dir - straight line, p - Terence Nothing appears to happen.
The goblin closely misses you. Terence hits you with a +0 trident!
Casting: Pain (safe; 4% risk of failure)
Confirm with . or Enter, or press ? or * to list all spells.
Aiming: Pain (safe; 4% risk of failure)
Press: ? - help, Shift-Dir - straight line, f - Terence
Aim: Terence, wielding a +0 trident and wearing a +4 ring mail (chance to affect: 73%) Terence struggles to resist.
The goblin barely misses you. Terence hits you with a +0 trident!
Casting: Pain (safe; 4% risk of failure)
Confirm with . or Enter, or press ? or * to list all spells.
Aiming: Pain (safe; 4% risk of failure)
Press: ? - help, Shift-Dir - straight line, p - Terence Nothing appears to happen.
The goblin hits you with a +0 club. Terence closely misses you.
As you read the scroll labelled TOIMOK TUIWOASCH, it crumbles to dust.
You speak a Word of immense power!
You are blasted by holy energy!
* * * LOW HITPOINT WARNING * * *
It was a scroll of holy word.
The goblin hits you but does no damage. Terence barely misses you.
As you read the scroll labelled DAGUTEUTEE, it crumbles to dust.
You assume a fearsome visage.
Terence resists with some effort.
The goblin looks frightened!
It was a scroll of fear.
Terence hits you with a +0 trident!
You die...

.#####..........
#........##...#
...#####....#.#
#......#
#......#
##.....# #.g†..#
###.@## #.@#
#..# #..# #..#
#######..#
.........#
#######.## #.#
#.#


You could see Terence and a goblin (fleeing).

Vanquished Creatures
  3 adders (D:3)
  A dart slug (D:1)
  3 endoplasms
  3 giant cockroaches
  3 goblins
  5 hobgoblins
  3 kobolds (D:1)
  2 quokkas
  4 ball pythons
  2 bats
  3 frilled lizards (D:1)
  3 rats (D:1)
35 creatures vanquished.

Notes
Turn   | Place    | Note
-------+----------+-------------------------------------------
     0 | D:1      | a3don the Ghoul Necromancer began the quest for the Orb.
     0 | D:1      | Reached XP level 1. HP: 14/14 MP: 2/2
   508 | D:1      | Reached XP level 2. HP: 8/22 MP: 0/3
   709 | D:1      | Learned a level 1 spell: Animate Skeleton
   784 | D:1      | Learned a level 2 spell: Corpse Rot
  1209 | D:1      | Reached XP level 3. HP: 27/27 MP: 5/5
  1395 | D:1      | Found a faded altar of an unknown god.
  2185 | D:3      | Reached skill level 1 in Fighting
  2339 | D:3      | Reached skill level 1 in Unarmed Combat
  2459 | D:3      | Reached XP level 4. HP: 31/35 MP: 3/6
  2562 | D:3      | Noticed Terence
  2586 | D:3      | Slain by Terence

Illustrated notes

Levels and vault maps discovered:
D:1:      enne_arrival_octagon_isle, layout_basic,
          dilly_ecumenical_altar_fadedgnrine, columned_hall_lemuel,
          minmay_ruptured
D:2:      layout_loops_ring
D:3:      layout_loops_ring, mainiacjoe_overflow_surrounded_room,
          fedhas_altar_fruit_tree, uniq_terence

Skill      XL: |  1  2  3 |
---------------+----------+-----
Dodging        | 2 |  2.1
Spellcasting   | 2 |  2.1
Fighting       | 1 |  1.2
Unarmed Combat | 1 |  1.1
Stealth        | |  2.8
Necromancy     | |  4.3
Air Magic      | |  0.6

Action                   |  1- 3 |  4- 6 || total
-------------------------+-------+-------++-------
Melee: Unarmed           |    28 |       ||    28
       Dagger            |    59 |     8 ||    67
 Cast: Pain              |    19 |     7 ||    26
       Animate Skeleton  |     2 |     1 ||     3
  Use: Scroll            |     1 |     2 ||     3
 Stab: Sleeping          |     4 |     1 ||     5
Armor: Robe              |    14 |     3 ||    17
Dodge: Dodged            |    55 |    15 ||    70

Table legend: (Time is in decaauts)
 A = Elapsed time spent in this place.
 B = Non-inter-level travel time spent in this place.
 C = Inter-level travel time spent in this place.
 D = Time resting spent in this place.
 E = Time spent auto-exploring this place.
 F = Levels seen in this place.
 G = Mean time per level.
                   A        B        C        D        E       F      G
               +--------+--------+--------+--------+--------+-----+--------+
         Total |   2584 |   2478 |    106 |    698 |   1435 |   3 |  861.3 |
       Dungeon |   2584 |   2478 |    106 |    698 |   1435 |   3 |  861.3 |
               +--------+--------+--------+--------+--------+-----+--------+

Top non-repeatable levels by time:
     D:1: 1446 daAuts
     D:2: 720 daAuts
     D:3: 417 daAuts
